 Dungeon Crawl Stone Soup version 0.26.1-11-gd32895ea62 (webtiles) character file.

Game seed: 11158614462509868021

8893 vvl the Grappler (level 11, -2/104 HPs)
             Began as a Troll Transmuter on June 3, 2021.
             Was a Priest of Makhleb.
             Slain by a manticore (13 damage)
             ... on level 11 of the Dungeon.
             The game lasted 00:33:30 (10129 turns).

vvl the Grappler (Troll Transmuter)                Turns: 10129, Time: 00:33:31

Health: -2/104     AC:  9    Str: 20    XL:     11   Next: 15%
Magic:  16/16      EV: 11    Int: 12    God:    Makhleb [***...]
Gold:   876        SH:  0    Dex: 10    Spells: 12/18 levels left

rFire    + . .     SeeInvis .     - Unarmed
rCold    . . .     Faith    .   (no shield)
rNeg     . . .     Spirit   .   a - +0 robe
rPois    .         Reflect  .   g - +2 hat
rElec    .         Harm     .   C - +0 cloak {Will+}
rCorr    .         Rampage  .   (gloves unavailable)
Will     +....                  (boots unavailable)
Stlth    +.........             d - amulet of regeneration
HPRegen  1.07/turn              q - +4 ring of slaying
MPRegen  0.15/turn              l - ring of protection from fire

@: wereblooded
A: large, unfitting armour, claws 3, regeneration 1, shaggy fur 1, tough skin 3
a: Renounce Religion, Minor Destruction, Lesser Servant of Makhleb


You were on level 11 of the Dungeon.
You worshipped Makhleb.
Makhleb was most pleased with you.
You visited 2 branches of the dungeon, and saw 12 of its levels.
You also visited: Bailey.

You collected 1002 gold pieces.
You spent 126 gold pieces at shops.

Inventory:

Missiles
 p - 7 silver javelins
 s - 51 boomerangs
Armour
 a - a +0 robe (worn)
 g - a +2 hat (worn)
 C - a +0 cloak of willpower (worn)
Magical Staves
 K - an uncursed staff of poison
Jewellery
 d - an amulet of regeneration (around neck)
 h - an uncursed ring of wizardry
 l - a ring of protection from fire (right claw)
 q - a +4 ring of slaying (left claw)
 y - an uncursed ring of flight
 A - an uncursed ring of positive energy
 B - an uncursed ring of wizardry
 E - an uncursed ring of resist corrosion
Wands
 c - a wand of polymorph (10)
 o - a wand of iceblast (1)
 v - a wand of random effects (33)
 z - a wand of digging (7)
 D - a wand of disintegration (9)
Scrolls
 f - 2 scrolls of immolation
 k - 7 scrolls of teleportation
 r - 5 scrolls of enchant weapon {unknown}
 t - a scroll of noise {unknown}
 u - 2 scrolls of blinking
 w - 4 scrolls of remove curse
 x - 4 scrolls of amnesia {unknown}
 G - a scroll of brand weapon {unknown}
 N - a scroll of random uselessness {unknown}
 O - 2 scrolls of identify
 P - a scroll of enchant armour {unknown}
Potions
 b - 3 potions of heal wounds {unknown}
 e - a potion of magic {unknown}
 i - a potion of ambrosia {unknown}
 j - 2 potions of degeneration {unknown}
 m - 2 potions of haste {unknown}
 n - 2 potions of lignification {unknown}
 F - 2 potions of flight {unknown}
 I - 2 potions of attraction {unknown}
 J - a potion of brilliance {unknown}
 L - a potion of berserk rage {unknown}
 M - a potion of resistance
Miscellaneous
 H - a phial of floods


   Skills:
 + Level 5.2 Fighting
 + Level 5.0 Armour
 + Level 3.8 Dodging
 * Level 9.3 Unarmed Combat
 + Level 4.0 Spellcasting
 * Level 6.9 Transmutations
 + Level 3.0 Evocations


You had 12 spell levels left.
You knew the following spells:

 Your Spells              Type           Power        Failure   Level
a - Beastly Appendage     Tmut           38%          1%          1
b - Spider Form           Tmut/Pois      5%           16%         3
c - Wereblood             Tmut           19%          1%          2

Your spell library contained the following spells:

 Spells                   Type           Power        Failure   Level
 Corona                   Hex            2%           22%         1
 Magic Dart               Conj           8%           22%         1
 Blink                    Tloc           N/A          32%         2
 Call Imp                 Summ           2%           32%         2
 Ensorcelled Hibernation  Hex/Ice        4%           32%         2
 Slow                     Hex            2%           32%         2
 Blade Hands              Tmut           9%           34%         5
 Ice Form                 Ice/Tmut       10%          47%         4
 Confusing Touch          Hex            2%           54%         3
 Conjure Flame            Conj/Fire      2%           54%         3
 Dazzling Flash           Conj/Hex       4%           54%         3
 Mephitic Cloud           Conj/Pois/Air  2%           54%         3
 Tukima's Dance           Hex            2%           54%         3


Dungeon Overview and Level Annotations

Branches:
Dungeon (11/15)            Temple (1/1) D:7             Orc (0/2) D:9
 Bailey (visited)
   Lair: D:8-11

Altars:
Ashenzari
Cheibriados
Dithmenos
Elyvilon
Fedhas
Gozag
Hepliaklqana
Kikubaaqudgha
Makhleb
Nemelex Xobeh
Okawaru
Qazlal
Ru
Sif Muna
Trog
Uskayaw
Vehumet
Wu Jian
Xom
Yredelemnul
Zin
The Shining One

Shops:
D:5 =   D:6 *   D:7 }:[


Innate Abilities, Weirdness & Mutations

You are too large for most types of armour.
You have claws for hands.
Your natural rate of healing is unusually fast.
You are covered in fur. (AC +1)
You have extremely tough skin. (AC +3)


Message History

The manticore is moderately wounded.
The phantom hits you. The manticore closely misses you.
The manticore claws you!
* * * LOW HITPOINT WARNING * * *
The manticore claws you.
* * * LOW HITPOINT WARNING * * *
You mangle the manticore!!
The manticore is heavily wounded.
The phantom barely misses you. The manticore closely misses you.
The manticore claws you!
* * * LOW HITPOINT WARNING * * *
The manticore barely misses you.
You claw the manticore!
The manticore is almost dead.
The phantom hits you!
* * * LOW HITPOINT WARNING * * *
You closely miss the manticore.
The manticore is almost dead.
The manticore bites you!
You die...

.............#
.............#
........H....##
...............
...............
........#
#######.#
######<##########
........H@W.......
##################


You could see a manticore and a phantom.

Vanquished Creatures
  2 unseen horrors
  An orc knight (Bailey)
  2 trolls
  Grinder (D:4)
  A shadow (D:8)
  9 yaks
  Eustachio (D:4)
  2 water moccasins
  3 sky beasts
  8 orc warriors
  A black bear (D:7)
  3 ice beasts
  A phantom (D:10)
  5 centaurs
  4 ogres
  A bullfrog (D:9)
  A big kobold (D:8)
  A wyvern zombie (D:10)
  2 scorpions
  14 killer bees
  4 wights (D:4)
  A bullfrog zombie (D:9)
  A centaur zombie (D:6)
  11 orc wizards
  3 bullfrog skeletons
  3 hounds
  A jelly (D:7)
  5 orc priests
  3 centaur skeletons
  Ijyb (D:3)
  4 iguanas
  5 worker ants
  A hound zombie (D:6)
  A hound skeleton (D:8)
  A worker ant zombie (D:8)
  3 gnolls (Bailey)
  11 adders
  2 shadow imps
  2 ufetubi
  2 oozes
  4 worms
  3 dart slugs
  3 leopard geckos
  59 orcs
  10 bats
  5 giant cockroaches
  14 goblins
  7 hobgoblins
  17 jackals
  23 kobolds
  6 quokkas
  5 frilled lizards
  2 quokka skeletons (D:5)
  5 rats
291 creatures vanquished.

Vanquished Creatures (others)
  2 fungi (D:11)
  A plant (D:11)
3 creatures vanquished.

Grand Total: 294 creatures vanquished

Notes
Turn   | Place    | Note
-------+----------+-------------------------------------------
     0 | D:1      | vvl the Troll Transmuter began the quest for the Orb.
     0 | D:1      | Reached XP level 1. HP: 18/18 MP: 1/1
   130 | D:1      | Reached skill level 1 in Fighting
   130 | D:1      | Reached XP level 2. HP: 27/27 MP: 2/2
   674 | D:1      | Reached XP level 3. HP: 33/33 MP: 4/4
   926 | D:2      | Found a basalt altar of Yredelemnul.
   961 | D:2      | Found a blossoming altar of Fedhas.
  1010 | D:2      | Reached XP level 4. HP: 39/41 MP: 5/5
  1084 | D:2      | Found a sacrificial altar of Ru.
  1137 | D:2      | Reached skill level 1 in Armour
  1241 | D:2      | Found a radiant altar of Vehumet.
  1300 | D:2      | Found a glowing golden altar of the Shining One.
  1707 | D:3      | Reached XP level 5. HP: 46/48 MP: 6/6
  1763 | D:3      | Noticed Ijyb
  1778 | D:3      | Killed Ijyb
  1779 | D:3      | Reached skill level 4 in Unarmed Combat
  2388 | D:4      | Noticed Grinder
  2409 | D:4      | Killed Grinder
  2410 | D:4      | Reached XP level 6. HP: 30/57 MP: 6/8
  2511 | D:4      | Reached XP level 7. HP: 53/64 MP: 9/9
  2515 | D:4      | Reached skill level 5 in Unarmed Combat
  2553 | D:4      | Noticed a +0 dagger
  2554 | D:4      | Found a hide-covered altar of Uskayaw.
  2555 | D:4      | Noticed a -2 dagger
  2569 | D:4      | Found a glowing silver altar of Zin.
  2775 | D:4      | Noticed Eustachio
  2801 | D:4      | Killed Eustachio
  3821 | D:5      | Entered Level 5 of the Dungeon
  4139 | D:5      | Found Lujaorug's Jewellery Shoppe.
  4177 | D:5      | Reached XP level 8. HP: 71/74 MP: 10/10
  4955 | D:6      | Reached skill level 6 in Unarmed Combat
  5052 | D:6      | Found Ufiev's General Store.
  5339 | D:6      | Found an opulent altar of Gozag.
  5562 | D:7      | Found Ycrolyam's Gadget Emporium.
  5662 | D:7      | Reached skill level 5 in Transmutations
  5662 | D:7      | Reached XP level 9. HP: 83/84 MP: 12/12
  5685 | D:7      | HP: 3/84 [killer bee (7)]
  5736 | D:7      | Reached skill level 7 in Unarmed Combat
  5785 | D:7      | Found a hazy altar of Hepliaklqana.
  5786 | D:7      | Found a shimmering altar of Xom.
  5787 | D:7      | Noticed a spectral ugly thing
  5837 | D:7      | Found Haddit's Armour Shop.
  5870 | D:7      | Bought a +0 cloak of willpower for 126 gold pieces
  6077 | D:7      | Found a staircase to the Ecumenical Temple.
  6225 | D:7      | Found Badeh's Book Shop.
  6314 | Temple   | Entered the Ecumenical Temple
  6343 | Temple   | Became a worshipper of Makhleb the Destroyer
  6562 | D:8      | Reached skill level 1 in Evocations
  6741 | D:8      | Found a flagged portal.
  6746 | Bailey   | Entered a bailey
  6757 | Bailey   | Noticed an orc knight
  6787 | Bailey   | Reached * piety under Makhleb
  6918 | Bailey   | Killed an orc knight
  7000 | Bailey   | Reached XP level 10. HP: 94/94 MP: 14/14
  7027 | Bailey   | Reached skill level 8 in Unarmed Combat
  7400 | D:8      | Found a snail-covered altar of Cheibriados.
  7973 | D:9      | Reached ** piety under Makhleb
  8254 | D:9      | Found a staircase to the Orcish Mines.
  8363 | D:9      | Found a shadowy altar of Dithmenos.
  8447 | D:9      | Found a broken altar of Ashenzari.
  8700 | D:10     | Entered Level 10 of the Dungeon
  8876 | D:10     | Reached *** piety under Makhleb
  9410 | D:9      | Killed an unseen horror
  9479 | D:10     | Killed an unseen horror
  9480 | D:10     | Reached skill level 5 in Fighting
  9480 | D:10     | Reached skill level 9 in Unarmed Combat
  9502 | D:10     | Reached XP level 11. HP: 94/102 MP: 15/15
  9608 | D:10     | Reached skill level 5 in Armour
 10051 | D:10     | Learned a level 3 spell: Spider Form
 10078 | D:10     | Learned a level 2 spell: Wereblood
 10129 | D:11     | Slain by a manticore

Illustrated notes

Levels and vault maps discovered:
D:1:      saegor_arrival_simple_a, layout_loops_corners,
          chequers_serial_rivers_micro_d
D:2:      layout_rooms, general_overflow_altar, fiery_altar_vehumet,
          overflow_temple_1_default, fedhas_ov_isle_minmay, marbit_many_paths,
          minmay_close_crescents
D:3:      layout_loops_cross, serial_forest, infiniplex_forest_lined_room_2,
          infiniplex_forest_lined_3, infiniplex_forest_diagonal,
          infiniplex_forest_lined_ring, uniq_ijyb
D:4:      layout_layer_cave, lemuel_doored_altar, dancing_weapons_uskayaw,
          uniq_grinder, uniq_eustachio
D:5:      layout_gridville, serial_shops, shop, serial_co_window_serial,
          co_window_paths_b, co_window_paths_b, co_window_corner_a,
          co_window_corner_a, co_window_paths_a, co_window_paths_a,
          co_window_of_opportunity_a, co_window_corner_a, co_window_paths_b,
          co_window_paths_c, co_window_2corner, co_window_unsneaky_path_e,
          co_window_corner_b, glass_columns_b, glass_columns_b
D:6:      layout_basic, nicolae_gozag_cash_rules_everything_around_me,
          serial_shops, shop
D:7:      layout_cave_pools, regret_index_temple_of_mockery,
          minmay_temple_entry_glassed_door, serial_shops,
          nicolae_shop_behind_doors, shop, nicolae_shop_statue_plus
D:8:      layout_cave_pods, enter_bailey_3, basic_altar,
          chequers_serial_rivers_small_3
D:9:      layout_cave_pools, nicolae_dithmenos_the_darkroom, ashenzari_altar_1,
          hiddenorc2_lemuel, hangedman_decor_push
D:10:     layout_irregular_city
D:11:     layout_long_grid, grunt_lair_entry_orc_guard_hut, serial_shops,
          shop_fountains, minmay_tree_intersection, minmay_statues_item
Temple:   compressed_dpeg_circular_temple

Skill      XL: |  1  2  3  4  5  6  7  8  9 10 11 |
---------------+----------------------------------+-----
Fighting       | 1 2 3 4 5 |  5.2
Transmutations | 2 3 4 5 6 |  6.9
Armour         | 1 2 3 4 5 |  5.0
Unarmed Combat | 4 5 6 7 9 |  9.3
Spellcasting   | 2 3 4 |  4.0
Dodging        | 2 3 |  3.8
Evocations     | 1 2 3 |  3.0

Action                   |  1- 3 |  4- 6 |  7- 9 | 10-12 || total
-------------------------+-------+-------+-------+-------++-------
Melee: Unarmed           |   103 |   191 |   363 |   272 ||   929
       Punch             |     2 |       |     2 |    11 ||    15
 Cast: Wereblood         |       |       |       |     3 ||     3
       Spider Form       |       |       |       |     1 ||     1
 Abil: Evoke Flight      |       |       |     3 |     1 ||     4
Evoke: Wand              |       |       |     4 |     2 ||     6
  Use: Scroll            |       |       |     8 |       ||     8
       Potion            |       |       |     3 |     1 ||     4
 Stab: Sleeping          |       |     1 |       |       ||     1
Armor: Robe              |    33 |    85 |   188 |   114 ||   420
Dodge: Dodged            |    49 |   114 |   272 |   177 ||   612
